 Dungeon Crawl Stone Soup version 0.31-a0-1091-g283494c966 (webtiles) character file.

Game seed: 2863964011409324856

39 Dirtsage the Changeling (level 3, -3/24 HPs)
             Began as an Octopode Shapeshifter on Nov 28, 2023.
             Slain by a gnoll
             ... wielding a +0 spear
              (8 damage)
             ... on level 2 of the Dungeon.
             The game lasted 00:02:30 (986 turns).

Dirtsage the Changeling (Octopode Shapeshifter)      Turns: 986, Time: 00:02:30

Health: -3/24      AC:  1    Str: 15    XL:     3   Next: 45%
Magic:  3/3        EV: 13    Int: 12    God:
Gold:   94         SH:  0    Dex: 11    Spells: 2/2 levels left

rFire   . .          .
                       - Unarmed
rCold   . . .        (no shield)
rNeg    . . .        (helmet currently unavailable)
rPois   .            (no amulet)
rElec   .            (no ring)
rCorr   .            (no ring)
SInv    .            (no ring)
Will    .....        (no ring)
Stlth   ++           (no ring)
HPRegen 0.24/turn    (no ring)
MPRegen 0.08/turn    (no ring)
                     (no ring)

%: no passive effects
@: beast-form
A: beast (slay +2), almost no armour, amphibious, 8 rings, camouflage 1,
gelatinous body 1, (nimble swimmer 1), tentacles
a: Begin Untransformation


You were on level 2 of the Dungeon.
You were a hulking beast.
You visited 1 branch of the dungeon, and saw 2 of its levels.

You collected 94 gold pieces.

Inventory:

Jewellery
 d - a ring of fire
Talismans
 b - a beast talisman
 c - a flux talisman
Scrolls
 f - a scroll of torment {unknown}
 g - a scroll of identify {unknown}
Potions
 a - a potion of lignification
 e - a potion of haste {unknown}
 h - a potion of curing {unknown}
 i - a potion of attraction {unknown}
 j - a potion of invisibility {unknown}


   Skills:
 + Level 1.7 Fighting
 - Level 2.0 Dodging
 + Level 3.3 Unarmed Combat
 * Level 3.6 Shapeshifting


You had 2 spell levels left.
You didn't know any spells.
Your spell library was empty.

Dungeon Overview and Level Annotations

Branches:
Dungeon (2/15)

Altars:


Innate Abilities, Weirdness & Mutations

You are a hulking beast.
Your limbs bulge with bestial killing power. (Slay +2)
You cannot wear most types of armour.
You are amphibious.
You can wear up to eight rings at the same time.
Your skin changes colour to match your surroundings (Stealth+).
Your rubbery body absorbs attacks. (AC +1, EV +1)
((You are camouflaged when in or above water. (Stealth+)))
You have tentacles for arms and can constrict up to eight enemies at once.


Message History

j - a pink potion No target in view!
Found a stone staircase leading up.
No target in view!
There is a stone staircase leading up here.
You see here a +0 short sword.
Found a stone staircase leading down.
No target in view!
A gnoll comes into view. It is wielding a +0 whip.
What are your orders? t - Shout!
Orders for allies: a - Attack new target. r - Retreat! s - Stop attacking. g - Guard the area. f - Follow me.
Anything else - Cancel.
You shout for attention!
The gnoll shouts!
You hear a shout! x2
A gnoll comes into view. It is wielding a +0 spear.
You bludgeon the gnoll! You grab the gnoll.
The gnoll is heavily wounded.
You constrict the gnoll. The gnoll closely misses you.
You completely miss the gnoll.
The gnoll is severely wounded.
You constrict the gnoll, but do no damage.
The gnoll hits you with a +0 whip!
You take 8 damage, and have 15/23 hp.
MASSIVE DAMAGE!!
You tentacle-slap the gnoll.
The gnoll is severely wounded.
You constrict the gnoll. The gnoll barely misses you.
The gnoll hits you from afar with a +0 spear.
You take 5 damage, and have 10/23 hp.
MASSIVE DAMAGE!!
You tentacle-slap the gnoll.
You kill the gnoll!
The gnoll hits you from afar with a +0 spear.
* * * LOW HITPOINT WARNING * * *
A gnoll comes into view. It is wielding a +0 spear.
You take 6 damage, and have 4/24 hp.
MASSIVE DAMAGE!!
Unknown command.
The gnoll attacks as it pursues you!
The gnoll hits you from afar with a +0 spear!
You die...

...P.P ..P.P.
############# ..P.Pg
............# ...P..
###########.# ..P.P.
#.# ....PP
#.###############....PP
# #.....h.g)...g...#
#####
#################.#
...># ## ###.# # ###.
..... #####


You could see 2 gnolls.

Vanquished Creatures
  A gnoll (D:2)
  A dart slug (D:1)
  6 ball pythons
  An endoplasm (D:1)
  6 hobgoblins
  4 kobolds (D:1)
  3 bats
  3 goblins (D:1)
25 creatures vanquished.

Notes
Turn   | Place    | Note
-------+----------+-------------------------------------------
     0 | D:1      | Dirtsage the Octopode Shapeshifter began the quest for the
                  | Orb.
     0 | D:1      | Reached XP level 1. HP: 13/13 MP: 1/1
    72 | D:1      | Reached XP level 2. HP: 14/18 MP: 2/2
   646 | D:1      | Reached XP level 3. HP: 23/23 MP: 3/3
   877 | D:2      | Identified the +2 leather armour "Jelaohu" {Harm}
   986 | D:2      | Slain by a gnoll

Illustrated notes

Levels and vault maps discovered:
D:1:      beargit_arrival_diablo_church, layout_basic
D:2:      layout_loops_ring, chequers_ecumenical_altar_simple,
          nicolae_grassy_gnolls

Action                     || total
---------------------------++-------
  Melee: Unarmed           ||    41
         Constrict         ||    13
         Tentacles         ||     6
         Punch             ||     1
   Stab: Sleeping          ||     4
 Armour: Skin              ||    16
  Dodge: Dodged            ||    25

Table legend: (Time is in decaauts)
 A = Elapsed time spent in this place.
 B = Non-inter-level travel time spent in this place.
 C = Inter-level travel time spent in this place.
 D = Time resting spent in this place.
 E = Time spent auto-exploring this place.
 F = Levels seen in this place.
 G = Mean time per level.
                   A        B        C        D        E       F      G
               +--------+--------+--------+--------+--------+-----+--------+
         Total |    983 |    948 |     35 |      0 |    793 |   2 |  491.5 |
       Dungeon |    983 |    948 |     35 |      0 |    793 |   2 |  491.5 |
               +--------+--------+--------+--------+--------+-----+--------+

Top non-repeatable levels by time:
     D:1: 778 daAuts
     D:2: 205 daAuts
